 Dungeon Crawl Stone Soup version 0.22.1-1-ga44c0e5 (webtiles) character file.

61 Irenicus the Digger (level 3, -9/28 HPs)
             Began as a Deep Dwarf Earth Elementalist on Oct 11, 2018.
             Mangled by a gnoll
             ... wielding a cursed -1 halberd
              (13 damage)
             ... on level 2 of the Dungeon.
             The game lasted 00:03:57 (613 turns).

Irenicus the Digger (Deep Dwarf Earth Elementalist)  Turns: 613, Time: 00:03:58

Health: -9/28      AC:  6    Str: 11    XL:     3   Next: 83%
Magic:  0/6        EV: 12    Int: 21    God:
Gold:   58         SH:  0    Dex: 13    Spells: 5/6 levels left

rFire    . . .     SeeInvis .   g - +0 dagger
rCold    . . .     Gourm    .   (no shield)
rNeg     . . .     Faith    .   c - +0 robe
rPois    .         Spirit   .   e - +0 helmet
rElec    .         Reflect  .   (no cloak)
rCorr    .         Harm     .   (no gloves)
MR       .....                  a - +2 pair of boots
Stlth    ++........             (no amulet)
HPRegen  0.00/turn              (no ring)
MPRegen  0.10/turn              (no ring)

@: brilliant, non-regenerating
A: damage resistance, heal wounds, sense surroundings 1, no regeneration
a: Heal Wounds


You were on level 2 of the Dungeon.
You were not hungry.

You visited 1 branch of the dungeon, and saw 2 of its levels.

You collected 58 gold pieces.

Inventory:

Hand Weapons
 g - a +0 dagger (weapon)
   (You took it off a kobold on level 1 of the Dungeon)
Missiles
 b - 53 stones (quivered)
Armour
 a - a +2 pair of boots (worn)
   (You found it on level 1 of the Dungeon)
 c - a +0 robe (worn)
 e - a +0 helmet (worn)
   (You found it on level 1 of the Dungeon)
Jewellery
 l - a +2 ring of protection {unknown}
   (You found it on level 2 of the Dungeon)
Scrolls
 f - 2 scrolls of identify {unknown}
 h - 2 scrolls of magic mapping {unknown}
 i - a scroll of enchant weapon {unknown}
Potions
 j - a potion of brilliance
 k - a potion of mutation {unknown}
Comestibles
 d - 3 rations


   Skills:
 - Level 2.1 Dodging
 - Level 2.4 Stealth
 + Level 2.4 Spellcasting
   Level 0.8 Transmutations
 * Level 5.7 Earth Magic


You had 5 spell levels left.
You knew the following spells:

 Your Spells              Type           Power        Failure   Level  Hunger
a - Sandblast             Erth           #####.       1%          1    None

Your spell library contained the following spells:

 Spells                   Type           Power        Failure   Level  Hunger
 Passwall                 Tmut/Erth      ####....     1%          2    ##.....
 Stone Arrow              Conj/Erth      ####..       1%          3    ###....
 Petrify                  Tmut/Erth      ####....     4%          4    ####...
 Lee's Rapid Deconstruct  Erth           #####.....   4%          5    ######.


Dungeon Overview and Level Annotations

Branches:
Dungeon (2/15)

Altars:


Innate Abilities, Weirdness & Mutations

You are resistant to damage.
You can heal yourself by infusing magical energy.
You passively map a small area around you.
You do not regenerate.


Message History

The helpless quokka fails to defend itself.
You hit the quokka.
You kill the quokka!
You have reached level 3!
Your experience leads to an increase in your attributes!
Increase (S)trength, (I)ntelligence, or (D)exterity?
You feel clever.
You regained 3 hp, and now have 14/28 hp.
You see here a quokka corpse.
There is a stone staircase leading down here.
You closely miss the rat. The rat closely misses you.
You barely miss the rat. The quokka barely misses you.
The rat bites you but does no damage.
Aim: a quokka The blast of sand hits the quokka.
You kill the quokka!
b - 63 stones The rat misses you.
You now have 1/6 mp.
You closely miss the rat. The rat closely misses you.
You hit the rat.
You kill the rat!
You see here a rat corpse.
A dart slug comes into view.
Aim: a dart slug (clinging)
The blast of sand hits the dart slug.
You kill the dart slug!
b - 62 stones You now have 1/6 mp.
You see here a dart slug corpse.
A rat comes into view.
MP restored: 6 You see here a hand axe.
A gnoll comes into view. It is wielding a spear.
A goblin comes into view.
The gnoll shouts!
You hear an angry hiss.
A gnoll comes into view. It is wielding a flail.
A gnoll comes into view. It is wielding a halberd.
The goblin shouts!
You hear an angry hiss.
An adder comes into view.
You see here a sapphire ring.
l - a sapphire ring The gnoll shouts! x2
Aim: a gnoll, wielding a flail The blast of sand hits the gnoll.
b - 61 stones The gnoll closely misses you.
You now have 5/6 mp.
Aim: a gnoll, wielding a flail (severely wounded)
The blast of sand hits the gnoll.
b - 60 stones You now have 4/6 mp.
Aim: a gnoll, wielding a spear The blast of sand hits the gnoll.
b - 59 stones The gnoll completely misses you.
You now have 3/6 mp.
Aim: a gnoll, wielding a spear (severely wounded)
The blast of sand misses the gnoll.
The blast of sand hits the gnoll.
You kill the gnoll!
b - 58 stones The gnoll hits you with a flail.
You take 1 damage, and have 13/28 hp.
You now have 2/6 mp.
Aim: a gnoll, wielding a flail (heavily wounded)
The blast of sand hits the gnoll.
You kill the gnoll!
b - 57 stones You now have 1/6 mp.
The adder completely misses you. The adder bites you but does no damage.
Aim: an adder The blast of sand hits the adder.
b - 56 stones The adder closely misses you.
The gnoll hits you from afar with a halberd!
* * * LOW HITPOINT WARNING * * *
You take 6 damage, and have 7/28 hp.
MASSIVE DAMAGE!!
You now have 1/6 mp.
Aim: an adder (severely wounded)
The blast of sand hits the adder.
You kill the adder!
b - 55 stones You now have 0/6 mp.
The gnoll hits you from afar with a halberd.
* * * LOW HITPOINT WARNING * * *
You take 3 damage, and have 4/28 hp.
Aim: a gnoll, wielding a halberd The blast of sand hits the gnoll.
b - 54 stones You now have 0/6 mp.
Aim: a gnoll, wielding a halberd (heavily wounded)
The blast of sand hits the gnoll.
b - 53 stones The gnoll closely misses you.
You now have 0/6 mp.
It was a potion of brilliance.
You feel clever all of a sudden. The gnoll closely misses you.
You fail to use your ability.
The gnoll hits you from afar with a halberd!
You die...

#.####............##.#.##.#
#.# #######.###.##.###.#.#
#.# #.# #...# ##g.# #.# #.#
####.###.### ..# #.# #.#g##
### #.# #.## #.# #.#
#.########.# #....@.gg..#
############


You could see a gnoll and a goblin.

Vanquished Creatures
  2 gnolls (D:2)
  An adder (D:2)
  An ooze (D:1)
  3 dart slugs
  A leopard gecko (D:1)
  A giant cockroach (D:1)
  2 goblins (D:1)
  4 hobgoblins (D:1)
  2 quokkas (D:2)
  4 bats (D:1)
  A frilled lizard (D:1)
  2 kobolds (D:1)
  A rat (D:2)
25 creatures vanquished.

Notes
Turn   | Place    | Note
-------+----------+-------------------------------------------
     0 | D:1      | Irenicus the Deep Dwarf Earth Elementalist began the quest
                  | for the Orb.
     0 | D:1      | Reached XP level 1. HP: 15/15 MP: 3/3
   180 | D:1      | Reached skill level 2 in Spellcasting
   198 | D:1      | Reached XP level 2. HP: 22/22 MP: 1/5
   423 | D:1      | Reached skill level 5 in Earth Magic
   459 | D:2      | Reached XP level 3. HP: 14/28 MP: 2/6
   592 | D:2      | HP: 7/28 [gnoll/halberd (6)]
   613 | D:2      | Mangled by a gnoll

Skill      XL: |  1  2 |
---------------+-------+-----
Spellcasting   | 2 |  2.4
Earth Magic    | 5 |  5.7
Dodging        | |  2.1
Stealth        | |  2.4
Transmutations | |  0.8

Action                   || total
-------------------------++-------
Melee: Unarmed           ||     1
       Dagger            ||    23
 Cast: Sandblast         ||    34
  Use: Potion            ||     1
 Stab: Sleeping          ||     1
Armor: Robe              ||    20
Dodge: Dodged            ||    39

Vault maps used:
D:1:      matt_arrival_refuge, hex_large
D:2:      vehumet_crystals, first_ration

Table legend:
 A = Turns spent in this place as a percentage of turns spent in the entire game.
 B = Non-inter-level travel turns spent in this place as a percentage of non-inter-level travel turns spent in the entire game.
 C = Inter-level travel turns spent in this place as a percentage of turns spent in this place.
 D = Turns resting spent in this place as a percentage of non-inter-level travel turns spent in this place.
 E = Turns spent auto-exploring this place as a percentage of non-inter-level travel turns spent in this place.
 F = Non-inter-level travel turns spent in this place divided by the number of levels of this place that you've seen.
                   A       B       C       D       E      F
               +-------+-------+-------+-------+-------+----------------------
         Total | 100.0 | 100.0 |   0.0 |   0.0 |   0.0 | 306.5
       Dungeon | 100.0 | 100.0 |   0.0 |   0.0 |   0.0 | 306.5
               +-------+-------+-------+-------+-------+----------------------

Table legend:
 A = Kills in this place as a percentage of kills in entire the game.
 B = Kills by you in this place as a percentage of kills by you in the entire game.
 C = Kills by friends in this place as a percentage of kills by friends in the entire game.
 D = Other kills in this place as a percentage of other kills in the entire game.
 E = Experience gained in this place as a percentage of experience gained in the entire game.
 F = Experience gained in this place divided by the number of levels of this place that you have seen.
                   A       B       C       D       E      F
               +-------+-------+-------+-------+-------+----------------------
         Total | 100.0 | 100.0 |   N/A |   N/A | 100.0 |  44.0
       Dungeon | 100.0 | 100.0 |   N/A |   N/A | 100.0 |  44.0
               +-------+-------+-------+-------+-------+----------------------
